 Seeded DCSS version 0.28.0-53-g5a82cb258f (webtiles) character file.

Game seed: 67102397 (custom seed)

102 xaos the Covered (level 4, 0/29 HPs)
             Began as a Gargoyle Fighter on May 24, 2022.
             Was a Plaything of Xom.
             Slain by an ogre
             ... wielding a +0 giant club
              (29 damage)
             ... on level 3 of the Dungeon on May 26, 2022.
             The game lasted 00:11:30 (2853 turns).

xaos the Covered (Gargoyle Fighter)                 Turns: 2853, Time: 00:11:31

Health: 0/29       AC:  8    Str: 17    XL:     4   Next: 78%
Magic:  4/4        EV: 10    Int:  9    God:    Xom [......]
Gold:   102        SH:  5    Dex: 15    Spells: 3/3 levels left

rFire   + . .      SeeInvis .   a - +0 long sword
rCold   . . .      Faith    .   c - +0 buckler
rNeg    + . .      Spirit   .   q - +0 leather armour of Tydaukhlikho {rPois rF+ Regen+}
rPois   ∞          Reflect  .   (no helmet)
rElec   +          Harm     .   (no cloak)
rCorr   .          Rampage  .   (no gloves)
Will    .....                   m - +0 pair of boots
Stlth   +.........              (no amulet)
HPRegen 0.89/turn               r - +6 ring of dexterity
MPRegen 0.09/turn               (no ring)

@: no status effects
A: sickness immunity, AC +3, negative energy resistance 1, electricity
resistance, torment resistance 1, petrification resistance, clumsy 1, weak 1,
inability to read while threatened
a: Renounce Religion


You were on level 3 of the Dungeon.
You worshipped Xom.
You were a very special plaything of Xom.
You visited 1 branch of the dungeon, and saw 3 of its levels.

You collected 102 gold pieces.

Inventory:

Hand Weapons
 a - a +0 long sword (weapon)
Missiles
 k - 5 poisoned darts (quivered)
Armour
 c - a +0 buckler (worn)
 h - a +0 chain mail
 m - a +0 pair of boots (worn)
 q - the +0 leather armour of Tydaukhlikho (worn) {rPois rF+ Regen+}
   (You found it on level 3 of the Dungeon)

   rF:        It protects you from fire.
   rPois:     It protects you from poison.
   Regen:     It increases your rate of health regeneration.
Jewellery
 r - a +6 ring of dexterity (left hand)
Scrolls
 b - a scroll of fear {unknown}
 e - a scroll of identify {unknown}
 f - a scroll of teleportation {unknown}
 g - 2 scrolls of brand weapon {unknown}
 l - a scroll of blinking {unknown}
Potions
 d - 2 potions of might
 i - a potion of heal wounds {unknown}
 j - a potion of flight {unknown}
 n - a potion of magic {unknown}
 o - a potion of haste {unknown}
 p - a potion of curing {unknown}
 s - a potion of cancellation {unknown}


   Skills:
 + Level 3.9 Fighting
 + Level 3.1 Long Blades
 + Level 4.0 Armour
 + Level 0.3 Dodging
 + Level 3.6 Shields


You had 3 spell levels left.
You didn't know any spells.
Your spell library contained the following spells:

 Spells                   Type           Power      Damage    Failure   Level
 Animate Skeleton         Necr           0%         N/A       54%         1
 Pain                     Necr           0%         1d4       54%         1
 Sting                    Tmut/Pois      0%         1d3       54%         1
 Poisonous Vapours        Pois/Air       0%         N/A       67%         2
 Vampiric Draining        Necr           0%         2d6       88%         3
 Olgreb's Toxic Radiance  Pois           0%         N/A       99%         4


Dungeon Overview and Level Annotations

Branches:
Dungeon (3/15)

Altars:
Xom


Innate Abilities, Weirdness & Mutations

You are immune to sickness and miasma.
Your stone body is resilient. (AC +3)
You are immune to poison.
You resist negative energy. (rN+)
You are resistant to electric shocks. (rElec)
You are resistant to unholy torment.
You are immune to petrification.
You are clumsy. (Dex -2)
You are weak. (Str -2)
You sometimes lose the ability to read scrolls when taking damage.


Message History

You start removing your armour.
You continue taking off your +0 chain mail. x4
You finish taking off your +0 chain mail.
You start putting on your armour.
You continue putting on the +0 leather armour of Tydaukhlikho {rPois rF+ Regen+}. x5
You finish putting on the +0 leather armour of Tydaukhlikho {rPois rF+ Regen+}.
The leather armour of Tydaukhlikho throbs as it attunes itself to your uninjured body.
As you open the door, it creaks loudly!
Found 32 arrows.
Found a stone staircase leading down.
There is an open door here.
Found a scratched agate ring.
r - a +6 ring of dexterity
There are no items here.
You feel agile.
r - a +6 ring of dexterity (left hand)
Found a stone staircase leading down. "Where it stops, nobody knows!"
Your surroundings suddenly seem different.
Your surroundings suddenly seem different.
You are now a very special plaything of Xom.
There is an open door here.
There is an open door here.
s - an emerald potion Throw: 5 darts (poison)
Press: ? - help, Q - select action Shift-Dir - straight line, f - you
Okay, then.
There is an open door here. "You need some minor improvements, mortal!"
Your body is suffused with distortional energy.
You lose the ability to read scrolls when threatened.
You feel clumsy.
You feel weaker.
There is an open door here.
An ogre comes into view. It is wielding a +0 giant club.
The ogre shouts!
You slash the ogre!
The ogre is heavily wounded.
The ogre hits you with a +0 giant club!!
Ouch! That really hurt!
You die...
Xom giggles madly!

##.## #....#####..#
#.# #...# .....# #.#
#.###### ###.#
#######.###......# #.#
..#.........####.. #.#
#.#.####.##.# #.. #.#
#.#.# #.##.# #.. #.#
#.#.# #..#.# #.. #.#
#O#.# ###.#.# ### #.#
#@#.# #.....##
############## #.#.#
#......#
.............# #.#.#
#......#
.............# #.#.#
#......#
.............# #.#.#
#...#..#
############.#
#.#.###...#..### #.#
#.....#...#....###
#.####....#...#..#.##.
#....'....'...'..#.##.


You could see an ogre.

Vanquished Creatures
  A bullfrog zombie (D:3)
  2 adders
  2 dart slugs
  An orc (D:3)
  8 bats
  7 endoplasms
  2 giant cockroaches (D:1)
  4 hobgoblins
  4 kobolds
  6 ball pythons
  3 frilled lizards
  3 goblins (D:1)
  4 rats
47 creatures vanquished.

Notes
Turn   | Place    | Note
-------+----------+-------------------------------------------
     0 | D:1      | xaos the Gargoyle Fighter began the quest for the Orb.
     0 | D:1      | Reached XP level 1. HP: 14/14 MP: 1/1
   229 | D:1      | Reached XP level 2. HP: 19/19 MP: 2/2
   739 | D:1      | Found a faded altar of an unknown god.
   747 | D:1      | Prayed at the altar of an unknown god.
   747 | D:1      | Became a worshipper of Xom the Fickle
   942 | D:1      | Reached XP level 3. HP: 24/24 MP: 3/3
  1272 | D:2      | XOM: silly message
  1488 | D:2      | XOM: noise
  1522 | D:2      | XOM: silly message
  1556 | D:2      | XOM: confuse monster(s)
  2134 | D:3      | XOM: silly message
  2294 | D:3      | Reached XP level 4. HP: 26/29 MP: 4/4
  2450 | D:3      | Reached skill level 4 in Armour
  2642 | D:3      | Identified the +0 leather armour of Tydaukhlikho {rPois rF+
                  | Regen+}
  2732 | D:3      | XOM: 2-stop teleportation journey
  2842 | D:3      | XOM: give mutations
  2842 | D:3      | Gained mutation: You sometimes lose the ability to read
                  | scrolls when taking damage. [Xom's mischief]
  2842 | D:3      | Gained mutation: You are clumsy. (Dex -2) [Xom's mischief]
  2842 | D:3      | Gained mutation: You are weak. (Str -2) [Xom's mischief]
  2850 | D:3      | Noticed an ogre
  2853 | D:3      | Slain by an ogre

Illustrated notes

Levels and vault maps discovered:
D:1:      ebering_hopf_link, layout_loops_ring,
          shapermc_ecumenical_altar_pompeii
D:2:      layout_loops_corners, grunt_ministairs_11
D:3:      layout_basic, serial_co_window_serial, co_window_paths_b,
          co_window_corner_a, co_window_paths_b, co_window_paths_a,
          co_window_paths_b, co_window_of_opportunity_a, co_window_paths_b,
          co_window_unsneaky_path_d, co_window_unsneaky_path_c,
          co_window_of_opportunity_b, co_window_corner_cb, co_window_2corner,
          co_window_broadway_a, glass_columns_a, chequers_serial_rivers_micro_b,
          nrook_mini_backslash

Skill      XL: |  1  2  3  4 |
---------------+-------------+-----
Long Blades    | 2 3 |  3.1
Armour         | 4 |  4.0
Fighting       | |  3.9
Dodging        | |  0.3
Shields        | |  3.6

Action                   |  1- 3 |  4- 6 || total
-------------------------+-------+-------++-------
Melee: Long sword        |   124 |    13 ||   137
Armor: Scale mail        |    35 |       ||    35
       Chain mail        |    49 |     6 ||    55
Dodge: Dodged            |    63 |     4 ||    67
Block: Buckler           |    39 |     4 ||    43
